 Dungeon Crawl Stone Soup version 0.18-a0-1390-gc02854d (webtiles) character file.

83 gorblad the Shooter (level 4, 0/30 HPs)
             Began as a High Elf Hunter on Feb 22, 2016.
             Succumbed to an adder's poison
             ... on level 2 of the Dungeon.
             The game lasted 00:03:20 (1859 turns).

gorblad the Shooter (High Elf Hunter)               Turns: 1859, Time: 00:03:20

Health: 0/30       AC:  4    Str: 16    XL:     4   Next: 22%
Magic:  5/5        EV: 10    Int: 15    God:
Gold:   103        SH:  0    Dex: 16    Spells: 0 memorised, 3 levels left

rFire  . . .     SeeInvis .     b - +0 short sword
rCold  . . .     Gourm    .     c - +0 leather armour
rNeg   . . .     Faith    .     (no shield)
rPois  .         Spirit   .     o - +0 helmet
rElec  .         Dismiss  .     (no cloak)
rCorr  .         Reflect  .     (no gloves)
SustAt .         Harm     .     (no boots)
MR     .....                    (no amulet)
Stlth  ++........               (no ring)
                                (no ring)

@: mighty, lethally poisoned (0 -> -8), constricted, not resistant to hostile
enchantments, unstealthy
A: no striking features
a: no special abilities


You were on level 2 of the Dungeon.
You were hungry.

You visited 1 branch of the dungeon, and saw 2 of its levels.

You collected 103 gold pieces.

Inventory:

Hand Weapons
 a - a +1 shortbow
 b - a +0 short sword (weapon)
Missiles
 k - 4 arrows
Armour
 c - a +0 leather armour (worn)
 o - a +0 helmet (worn)
Wands
 i - a wand of flame (10/48)
Scrolls
 d - a scroll of blinking {unknown}
 e - 4 scrolls of identify
 g - 2 scrolls of remove curse
 j - a scroll of teleportation
 q - a scroll of magic mapping {unknown}
Potions
 h - 2 potions of cancellation
 l - a potion of mutation
Comestibles
 f - 2 bread rations
 n - 2 meat rations
 p - a chunk of flesh


   Skills:
 + Level 2.5 Fighting
 * Level 6.1 Bows
 * Level 3.2 Dodging
 + Level 2.4 Stealth


You had 3 spell levels left.
You didn't know any spells.

Dungeon Overview and Level Annotations

Branches:
Dungeon (2/15)

Altars:
Cheibriados
Vehumet
The Shining One


Message History

The ball python constricts you. The adder bites you.
* * * LOW HITPOINT WARNING * * *
You are lethally poisoned!
The adder poisons you!
The ball python bites you but does no damage.
The ball python constricts you.
Drink which item? (? for menu, Esc to quit)
It was a potion of might.
You feel very mighty all of a sudden. The adder bites you but does no damage.
The ball python closely misses you. The ball python constricts you.
You closely miss the adder.
The adder is heavily wounded.
* * * LOW HITPOINT WARNING * * *
You feel sick. The adder barely misses you. The ball python bites you.
* * * LOW HITPOINT WARNING * * *
The ball python constricts you. The adder bites you but does no damage.
You barely miss the adder.
The adder is heavily wounded.
You die...

.......# ......##
## .# ####..# .#
#.# . ####..# .#
#.# .$. ...†..# ..
#.# .#.. ......# #.
#.#+#...#. ......#
#.##......(..
......#
##.S..........
......#
####..S@....(....
...(..#
#................
......#
########.........
......# #).......#
......#
#########'########
###'###
#...........# ....#
#...........# ###.#
#.[.........#
#.#####...........#


You could see an adder and a ball python.

Vanquished Creatures
  Robin (D:2)
  3 adders (D:2)
  A worm (D:2)
  A dart slug (D:2)
  5 bats
  4 giant cockroaches
  4 hobgoblins (D:2)
  2 giant newts
  10 goblins
  5 kobolds
  5 rats
41 creatures vanquished.

Notes
Turn   | Place    | Note
--------------------------------------------------------------
     0 | D:1      | gorblad the High Elf Hunter began the quest for the Orb.
     0 | D:1      | Reached XP level 1. HP: 14/14 MP: 2/2
   707 | D:1      | Reached XP level 2. HP: 19/19 MP: 3/3
   853 | D:2      | Found a snail-covered altar of Cheibriados.
   853 | D:2      | Found a radiant altar of Vehumet.
   854 | D:2      | Found a glowing golden altar of the Shining One.
  1240 | D:2      | Reached XP level 3. HP: 16/24 MP: 4/4
  1311 | D:2      | Noticed Robin
  1331 | D:2      | HP: 1/25 [Robin/mace (2)]
  1334 | D:2      | Killed Robin
  1712 | D:2      | Reached skill level 6 in Bows
  1743 | D:2      | Reached XP level 4. HP: 30/30 MP: 5/5
  1858 | D:2      | HP: 1/30 [ball python (2)]
  1859 | D:2      | Succumbed to an adder's poison

Vault maps used:
D:1:      elethiomel_arrival_infinity_welcomes_careful_drivers
D:2:      gammafunk_temple_overflow_claw, first_bread,
          minmay_shallow_snake_nest, uniq_robin

Skill      XL: |  1  2  3 |
---------------+----------+-----
Stealth        | 2 |  2.4
Dodging        | 3 |  3.2
Bows           | 6 |  6.1
Fighting       | |  2.5

Action                   |  1- 3 |  4- 6 || total
-------------------------+-------+-------++-------
Melee: Short sword       |    22 |    16 ||    38
 Fire: Shortbow          |    80 |    15 ||    95
  Use: Scroll            |     6 |       ||     6
       Potion            |     1 |     1 ||     2
  Eat: Chunk             |     2 |       ||     2
